[Event "Swiss National League-A 2024"]
[Site "Luzern"]
[Date "2024.10.13"]
[Round "9.8"]
[White "Breder, Dennis"]
[Black "Gruenenwald, Joerg"]
[Result "1-0"]
[ECO "B52"]
[WhiteElo "2404"]
[BlackElo "2288"]
[Annotator "TA"]
[PlyCount "77"]
[EventDate "2023.10.03"]
[EventType "team-tourn"]
[EventCountry "SUI"]
[SourceTitle "playchess.com"]
[Source "ChessBase"]
[SourceQuality "1"]
[TimeControl "40/8400+30:20/3000+30:900+30"]

1. e4 c5 2. Nf3 d6 3. Bb5+ Bd7 4. c4 Nf6 5. Nc3 a6 6. Bxd7+ Nbxd7 7. O-O Ne5 8. Rb1 {[%emt 0:01:12] White is slightly better.} e6 9. b4 b6 10. bxc5 {[%emt 0:09:40] And now Nxe5 would win.} Nxf3+ 11. Qxf3 dxc5 (11... bxc5 $14 12. e5 Nd7) 12. e5 $16 Nd7 13. Qg3 $36 {[%emt 0:05:12][%mdl 2048] Keeping Black busy. White is much more active.} g6 14. Ne4 Bg7 (14... Be7 $16 {keeps fighting.}) 15. Nd6+ $18 Kf8 {[%emt 0:00:11] [#]} 16. Bb2 {[%emt 0:11:22] Strongly threatening Qf3.} Rb8 17. d4 cxd4 18. Bxd4 {[%emt 0:00:06][%cal Oc4c5] Threatens to win with c5!} h5 $2 (18... Kg8 19. Qf4 Qe7) 19. Rb3 (19. Qf4 $18 Qe7 20. c5) 19... h4 $16 20. Qf4 Qe7 21. Rf3 Kg8 22. Qxf7+ (22. Nxf7 Rh5 (22... Rf8 23. Nxh8 Rxf4 24. Nxg6 $16) 23. g4 hxg3 24. fxg3 (24. hxg3 $2 Rf5 $19) (24. Qxg3 Rf8 $17) 24... Rf8 $14 (24... Rf5 25. Nh6+ Bxh6 26. Qxh6 $16)) 22... Qxf7 23. Rxf7 (23. Nxf7 $6 Rh5 $14) 23... Bxe5 24. Bxe5 Nxe5 25. Rf6 (25. Re7 $18) 25... Kg7 26. Rxe6 Nd3 (26... Rhd8 $16 {was called for.}) 27. Rd1 Nc5 28. Re5 Rhf8 29. Rdd5 Rbd8 {[%emt 0:01:56] [#]} 30. f4 $1 Rd7 (30... Kg8 31. g3) 31. f5 Rfd8 32. Ne8+ Kf7 {[%emt 0:00:13] [#]} 33. Nc7 (33. fxg6+ $1 $16 Kxg6 34. Rg5+ Kf7 35. Nc7 Rxd5 36. Nxd5 (36. cxd5 Rd7 $11) (36. Rxd5 Rc8 $11)) 33... Nd3 $2 {[%emt 0:03:26][%mdl 8192] Loses the game.} (33... Kf6 $11 34. Ne8+ Kf7) 34. fxg6+ $18 (34. Nxa6 Nxe5 35. Rxe5 Kf6 $19) 34... Kxg6 35. Re6+ (35. Nxa6 $2 Nxe5 36. Rxe5 Rf8 $19) 35... Kf7 36. Rf5+ (36. Rxb6 Rxd5 37. cxd5 (37. Nxd5 Re8 $18) 37... a5 $18) 36... Kg8 37. Nd5 ({Weaker is} 37. Nxa6 Rd4 $11) 37... Rd6 $2 (37... Rf7) 38. Nf6+ Kf7 39. Rxd6 {[%emt 0:00:57] Weighted Error Value: White=0.29 (precise) /Black=0.48.  Loses game:     	---       	Black=1      Missed win:     	White=1     	---        Mistake:       	White=2     	Black=5      Inaccurate:     	White=1     	Black=2      OK:         	White=16    	Black=11     Best:        	White=3     	Black=4} 1-0

[Event "Swiss National League-A 2024"]
[Site "Luzern"]
[Date "2024.10.13"]
[Round "9.9"]
[White "Hommeles, Theo"]
[Black "Klauser, Markus"]
[Result "1/2-1/2"]
[ECO "C92"]
[WhiteElo "2396"]
[BlackElo "2324"]
[Annotator "TA"]
[PlyCount "59"]
[EventDate "2023.10.03"]
[EventType "team-tourn"]
[EventCountry "SUI"]
[SourceTitle "playchess.com"]
[Source "ChessBase"]
[SourceQuality "1"]
[TimeControl "40/8400+30:20/3000+30:900+30"]

1. e4 e5 2. Nf3 Nc6 3. Bb5 a6 4. Ba4 Nf6 5. O-O Be7 6. Re1 b5 7. Bb3 d6 8. c3 O-O 9. h3 Bb7 10. d4 Re8 11. Nbd2 Bf8 12. Bc2 g6 13. a4 exd4 14. cxd4 Nb4 15. Bb1 bxa4 16. Rxa4 a5 17. e5 dxe5 18. dxe5 Nd7 19. Be4 $1 Bxe4 ({Black should play} 19... c6 $1 $15 20. Nc4 Nc5 21. Qxd8 Raxd8 22. Rxa5 Nxe4 23. Rxe4 c5) 20. Rxe4 (20. Nxe4 $14 Bg7 (20... Nxe5 21. Nxe5 Rxe5 22. Qxd8 $16) 21. Bg5) 20... Nc5 (20... Bg7 $5) 21. Rd4 Qb8 22. Ra3 (22. Ne4 $5 Nxe4 (22... Nxa4 23. Nf6+ Kg7 24. Bh6+ Kh8 25. Rh4 $18) 23. Rxe4 $11) 22... Qb5 23. Ne4 Nxe4 24. Rxe4 Red8 25. Rd4 Nc6 26. Rb3 Rxd4 (26... Qa4 $5 27. Rdd3 Rab8 $15) 27. Nxd4 {[%emt 0:00:27] The position is equal.} Qd5 (27... Qxe5 $2 {is the wrong capture.} 28. Nxc6 Qe8 29. Rc3 $18) 28. Qf3 Qxf3 29. Nxf3 Bg7 30. Bf4 {[%emt 0:00:38] Weighted Error Value: White=0.23 (precise) /Black=0.12 (very precise) .  Mistake:       	White=1     	Black=1      Inaccurate:     	White=1     	Black=1      OK:         	White=1     	Black=7      Best:        	White=2     	Black=1      Strong:       	White=1     	---} 1/2-1/2

[Event "Swiss National League-A 2024"]
[Site "Luzern"]
[Date "2024.10.13"]
[Round "9.10"]
[White "Mattenberger, Matthias"]
[Black "Kuehn, Peter"]
[Result "1/2-1/2"]
[ECO "D06"]
[WhiteElo "2238"]
[BlackElo "2333"]
[Annotator "RC"]
[PlyCount "60"]
[EventDate "2023.10.03"]
[EventType "team-tourn"]
[EventCountry "SUI"]
[SourceTitle "playchess.com"]
[Source "ChessBase"]
[SourceQuality "1"]
[TimeControl "40/8400+30:20/3000+30:900+30"]

1. d4 d5 2. c4 c5 3. cxd5 Qxd5 4. Nf3 cxd4 5. Nc3 Qa5 6. Nxd4 Nf6 7. g3 e5 8. Nb3 Qc7 9. Bg2 Bb4 10. O-O Bxc3 11. bxc3 O-O 12. Qc2 Be6 13. Ba3 Rd8 14. Rfd1 Nc6 15. c4 Rxd1+ 16. Rxd1 Rd8 17. Rxd8+ Nxd8 18. c5 Bd5 19. e4 Be6 20. Bf1 Nc6 21. f3 a6 22. Bc1 Nb4 23. Qf2 Qd7 24. Qd2 Nxa2 25. Qxa2 Qd1 26. c6 bxc6 27. Qxa6 h6 28. Qxc6 Qxb3 29. Be2 Nd7 30. Qd6 Qc2 1/2-1/2

[Event "Swiss National League-A 2024"]
[Site "Luzern"]
[Date "2024.10.13"]
[Round "9.11"]
[White "Wildi, Marcel"]
[Black "Boffa, Mauro"]
[Result "1-0"]
[ECO "D00"]
[WhiteElo "2213"]
[BlackElo "2206"]
[Annotator "RC"]
[PlyCount "133"]
[EventDate "2023.10.03"]
[EventType "team-tourn"]
[EventCountry "SUI"]
[SourceTitle "playchess.com"]
[Source "ChessBase"]
[SourceQuality "1"]
[TimeControl "40/8400+30:20/3000+30:900+30"]

1. d4 Nf6 2. Nc3 d5 3. Bf4 e6 4. Nb5 Na6 5. e3 Be7 6. h3 O-O 7. Nf3 c6 8. Nc3 Qa5 9. Nd2 Bd7 10. a3 Rac8 11. b4 Qd8 12. Bxa6 bxa6 13. Nb3 Ne8 14. Qe2 Nd6 15. Qxa6 Nc4 16. Nd2 e5 17. Bxe5 Nxe5 18. dxe5 f6 19. e6 Bxe6 20. Nf3 Qd7 21. Nd4 Bf7 22. O-O f5 23. Rab1 Bf6 24. Na4 f4 25. Nc5 Qd6 26. Nb5 Qe7 27. Nxa7 Ra8 28. Nxc6 Qd6 29. Qb7 Rxa3 30. Nd7 Re8 31. exf4 Rc3 32. Nxf6+ Qxf6 33. Ne5 Be6 34. Qb5 Rec8 35. Nd3 Rxc2 36. Rbc1 R2c4 37. Rcd1 Rc2 38. Rfe1 h6 39. Re3 d4 40. Rg3 Bc4 41. Qd7 Be6 42. Qd6 Rd8 43. Qe5 Kf7 44. Qa5 Rd5 45. Qa7+ Kg8 46. Ne5 Rxf2 47. Qxg7+ Qxg7 48. Rxg7+ Kxg7 49. Kxf2 Bf5 50. Nc6 d3 51. Ne7 Rb5 52. Nxf5+ Rxf5 53. Ke3 Rb5 54. Rb1 Rd5 55. Rb2 h5 56. g3 Kf6 57. g4 h4 58. Kd2 Rd4 59. b5 Rxf4 60. b6 Rf2+ 61. Kc3 d2 62. Rxd2 Rf3+ 63. Kc4 Ke6 64. Rb2 Rf8 65. b7 Rb8 66. Kc5 Ke5 67. Kc6 1-0

[Event "Swiss National League-A 2024"]
[Site "Luzern"]
[Date "2024.10.13"]
[Round "9.12"]
[White "Loeffler, Markus"]
[Black "Knoedler, Dieter"]
[Result "0-1"]
[ECO "C18"]
[WhiteElo "2256"]
[BlackElo "2265"]
[Annotator "RC"]
[PlyCount "70"]
[EventDate "2023.10.03"]
[EventType "team-tourn"]
[EventCountry "SUI"]
[SourceTitle "playchess.com"]
[Source "ChessBase"]
[SourceQuality "1"]
[TimeControl "40/8400+30:20/3000+30:900+30"]

1. e4 e6 2. d4 d5 3. Nc3 Bb4 4. e5 c5 5. a3 Bxc3+ 6. bxc3 Ne7 7. h4 Qc7 8. h5 h6 9. Rb1 b6 10. Qg4 Ba6 11. Qxg7 Rg8 12. Qxh6 cxd4 13. Bxa6 Nxa6 14. Ne2 dxc3 15. Qf4 Nc5 16. Nxc3 Rxg2 17. Kf1 Rg7 18. Nb5 Qc6 19. Nd4 Qa4 20. Rb4 Qa6+ 21. Ke1 Kd7 22. h6 Rh7 23. Rg1 Ng6 24. Qe3 Rah8 25. Nb5 Rxh6 26. Qf3 R6h7 27. Be3 Qb7 28. Bxc5 bxc5 29. Nd6 Qa6 30. Rb7+ Kc6 31. Qf6 Qa5+ 32. Kf1 Rh1 33. Rb1 Qd2 34. Nxf7 Nf4 35. Nd8+ Rxd8 0-1

[Event "Swiss National League-A 2024"]
[Site "Luzern"]
[Date "2024.10.13"]
[Round "9.13"]
[White "Marentini, Marcel"]
[Black "Schweizer, Simon"]
[Result "1/2-1/2"]
[ECO "A13"]
[WhiteElo "2143"]
[BlackElo "2124"]
[Annotator "RC"]
[PlyCount "99"]
[EventDate "2023.10.03"]
[EventType "team-tourn"]
[EventCountry "SUI"]
[SourceTitle "playchess.com"]
[Source "ChessBase"]
[SourceQuality "1"]
[TimeControl "40/8400+30:20/3000+30:900+30"]

1. Nf3 Nf6 2. c4 e6 3. g3 a6 4. Bg2 d5 5. b3 b5 6. O-O Bb7 7. Bb2 Nbd7 8. Na3 b4 9. Nc2 dxc4 10. bxc4 c5 11. d4 Qc7 12. Ne3 cxd4 13. Nxd4 Bxg2 14. Kxg2 Bc5 15. a3 O-O 16. axb4 Bxb4 17. Ba3 Bxa3 18. Rxa3 Ne5 19. Ra4 Rfd8 20. Qa1 Rxd4 21. Qxd4 Qc6+ 22. Kg1 Nf3+ 23. exf3 Qxa4 24. Ra1 Qc6 25. Kg2 Rc8 26. Qa7 Ra8 27. Qd4 h5 28. Ra5 Rc8 29. Rg5 Kf8 30. h4 Qc7 31. Qa1 Qd6 32. g4 hxg4 33. Nxg4 Ne8 34. Ra5 Rxc4 35. Rxa6 Qd4 36. Qa3+ Qc5 37. Qd3 Rd4 38. Qh7 Ke7 39. Qb1 Nc7 40. Qb7 Rd7 41. Rc6 Qa5 42. Qb2 f6 43. Ne3 Nd5 44. Nxd5+ Qxd5 45. Qb4+ Kf7 46. Rc8 Rd8 47. Rc7+ Rd7 48. Rc8 Rd8 49. Rc7+ Rd7 50. Rc8 1/2-1/2

[Event "Swiss National League-A 2024"]
[Site "Luzern"]
[Date "2024.10.13"]
[Round "9.14"]
[White "Barth, Can-Elian"]
[Black "Seitz, Patrick"]
[Result "0-1"]
[ECO "A40"]
[WhiteElo "2065"]
[BlackElo "2151"]
[Annotator "RC"]
[PlyCount "46"]
[EventDate "2023.10.03"]
[EventType "team-tourn"]
[EventCountry "SUI"]
[SourceTitle "playchess.com"]
[Source "ChessBase"]
[SourceQuality "1"]
[TimeControl "40/8400+30:20/3000+30:900+30"]

1. d4 e6 2. c4 Bb4+ 3. Nc3 b6 4. e3 Bb7 5. Nge2 f5 6. a3 Bd6 7. Bd2 Nf6 8. Nb5 O-O 9. Nxd6 cxd6 10. Ng3 Na6 11. f3 h5 12. Bd3 h4 13. Ne2 h3 14. Nf4 hxg2 15. Rg1 Ng4 16. fxg4 Qh4+ 17. Ke2 fxg4 18. d5 exd5 19. Be1 Qf6 20. Qc2 Qh6 21. Nxd5 Rae8 22. Bf2 Bxd5 23. Bh7+ Kh8 0-1

[Event "Swiss National League-A 2024"]
[Site "Luzern"]
[Date "2024.10.13"]
[Round "9.15"]
[White "Coellen, Eike"]
[Black "Schweizer, Samuel"]
[Result "1-0"]
[ECO "B43"]
[WhiteElo "2020"]
[BlackElo "2006"]
[Annotator "RC"]
[PlyCount "87"]
[EventDate "2023.10.03"]
[EventType "team-tourn"]
[EventCountry "SUI"]
[SourceTitle "playchess.com"]
[Source "ChessBase"]
[SourceQuality "1"]
[TimeControl "40/8400+30:20/3000+30:900+30"]

1. e4 c5 2. Nf3 e6 3. d4 cxd4 4. Nxd4 a6 5. Nc3 Qc7 6. Bd3 Nf6 7. Qe2 d6 8. Be3 Be7 9. O-O-O Nc6 10. g4 Nxd4 11. Bxd4 e5 12. Be3 Bxg4 13. f3 Be6 14. Rhg1 Rg8 15. f4 Rc8 16. fxe5 dxe5 17. Bg5 Qa5 18. Bxf6 Bxf6 19. Nd5 Bxd5 20. exd5 Qxa2 21. c3 h6 22. Qe4 Qb3 23. d6 Rc5 24. Bc2 Qb6 25. Ba4+ Kd8 26. Qf5 Rc6 27. Bxc6 Qxc6 28. Rxg7 Bg5+ 29. Rxg5 Rxg5 30. Qf6+ Kc8 31. d7+ Qxd7 32. Rxd7 Kxd7 33. Qxf7+ Kc6 34. Qe6+ Kc7 35. Qxh6 Rg2 36. h4 a5 37. Qe6 Rg1+ 38. Kc2 Rg2+ 39. Kb3 a4+ 40. Ka3 Rd2 41. Qxe5+ Rd6 42. h5 b5 43. Qxd6+ Kxd6 44. h6 1-0

[Event "Swiss National League-A 2024"]
[Site "Luzern"]
[Date "2024.10.13"]
[Round "9.16"]
[White "Leutwyler, Mathias"]
[Black "Schmid, Michael"]
[Result "0-1"]
[ECO "A48"]
[WhiteElo "2036"]
[BlackElo "2149"]
[Annotator "RC"]
[PlyCount "106"]
[EventDate "2023.10.03"]
[EventType "team-tourn"]
[EventCountry "SUI"]
[SourceTitle "playchess.com"]
[Source "ChessBase"]
[SourceQuality "1"]
[TimeControl "40/8400+30:20/3000+30:900+30"]

1. d4 Nf6 2. Nf3 g6 3. Bf4 d6 4. e3 Bg7 5. h4 Nbd7 6. c3 O-O 7. h5 Nxh5 8. Rxh5 gxh5 9. Bg3 Re8 10. Nbd2 Nf8 11. Qc2 c6 12. O-O-O Qa5 13. Kb1 Bf5 14. e4 Bg6 15. Nc4 Qd8 16. Bd3 b5 17. Ne3 Qb6 18. Nh4 e5 19. d5 c5 20. Nhf5 c4 21. Be2 a5 22. Rh1 Ra7 23. Bxh5 Rc8 24. Bg4 Rb8 25. Nxg7 Kxg7 26. Nf5+ Bxf5 27. exf5 f6 28. Qd2 b4 29. cxb4 Qxb4 30. Qxb4 axb4 31. Be2 c3 32. Rh4 Rc7 33. Rc4 Rxc4 34. Bxc4 cxb2 35. Kxb2 Nd7 36. f3 Kf7 37. Be1 Ke7 38. g4 Nc5 39. Bd2 Kd7 40. f4 exf4 41. Bxf4 Rg8 42. Be2 Kc7 43. Bd2 Re8 44. Bf3 Nd3+ 45. Kb3 Ne5 46. Bd1 Rg8 47. Kxb4 Nxg4 48. a4 h5 49. Be1 Ne3 50. Bb3 Ng2 51. Bf2 h4 52. a5 h3 53. Bg1 Nh4 0-1

[Event "Swiss National League-A 2024"]
[Site "Luzern"]
[Date "2024.10.13"]
[Round "9.17"]
[White "Santos Ruiz, Miguel"]
[Black "Kurmann, Oliver"]
[Result "1/2-1/2"]
[ECO "B45"]
[WhiteElo "2598"]
[BlackElo "2413"]
[Annotator "TA"]
[PlyCount "42"]
[EventDate "2023.10.03"]
[EventType "team-tourn"]
[EventCountry "SUI"]
[SourceTitle "playchess.com"]
[Source "ChessBase"]
[SourceQuality "1"]
[TimeControl "40/8400+30:20/3000+30:900+30"]

1. e4 c5 2. Nf3 e6 3. d4 cxd4 4. Nxd4 Nf6 5. Nc3 Nc6 6. a3 Be7 7. Be2 {[%emt 0:00:07] The position is equal.} O-O 8. Be3 d6 9. Qd3 a6 10. f4 e5 11. Nxc6 bxc6 12. fxe5 dxe5 13. Qxd8 Rxd8 14. Bd3 Be6 15. Na4 Nd7 16. b3 g6 17. O-O a5 18. Rf3 Bg4 19. Rf2 Be6 20. Rf3 Bg4 21. Rf2 Be6 {[%emt 0:00:07] A rather calm draw.   Weighted Error Value: White=0.04 (flawless) /Black=0.04 (flawless) .  Inaccurate:     	---       	Black=1      OK:         	White=7     	Black=6} 1/2-1/2

[Event "Swiss National League-A 2024"]
[Site "Luzern"]
[Date "2024.10.13"]
[Round "9.18"]
[White "Kraemer, Martin"]
[Black "Georgiadis, Nico"]
[Result "1-0"]
[ECO "D35"]
[WhiteElo "2571"]
[BlackElo "2518"]
[Annotator "RC"]
[PlyCount "97"]
[EventDate "2023.10.03"]
[EventType "team-tourn"]
[EventCountry "SUI"]
[SourceTitle "playchess.com"]
[Source "ChessBase"]
[SourceQuality "1"]
[TimeControl "40/8400+30:20/3000+30:900+30"]

1. d4 d5 2. c4 e6 3. Nc3 Nf6 4. cxd5 exd5 5. Bg5 Bb4 6. e3 h6 7. Bh4 g5 8. Bg3 Ne4 9. a3 Bxc3+ 10. bxc3 h5 11. f3 Nxg3 12. hxg3 Qd6 13. g4 h4 14. Bd3 Qe7 15. Kd2 c5 16. g3 Nc6 17. gxh4 gxh4 18. Bb5 Bd7 19. Bxc6 Bxc6 20. Qb1 cxd4 21. cxd4 O-O-O 22. Nh3 Kb8 23. Qb4 Qc7 24. Nf4 Rd6 25. Rac1 Qd7 26. Nd3 Qd8 27. Ne5 Be8 28. Rc5 Rb6 29. Qc3 a6 30. Rc1 Ka7 31. Rc8 Qd6 32. Qc5 Qxc5 33. dxc5 Rb2+ 34. Kc3 Re2 35. Nxf7 Rh7 36. Nd6 Bd7 37. Rc7 Bf5 38. Rxh7 Bxh7 39. Kd4 h3 40. Rh1 h2 41. Kxd5 Rxe3 42. Rxh2 Bg8+ 43. Kd4 Rxf3 44. Rh8 Be6 45. Rh7 Bxg4 46. Rxb7+ Ka8 47. c6 Rf6 48. Kc5 a5 49. Rg7 1-0

[Event "Swiss National League-A 2024"]
[Site "Luzern"]
[Date "2024.10.13"]
[Round "9.19"]
[White "Kaczmarczyk, Dennis"]
[Black "Baenziger, Fabian"]
[Result "0-1"]
[ECO "A45"]
[WhiteElo "2463"]
[BlackElo "2434"]
[Annotator "TA"]
[PlyCount "114"]
[EventDate "2023.10.03"]
[EventType "team-tourn"]
[EventCountry "SUI"]
[SourceTitle "playchess.com"]
[Source "ChessBase"]
[SourceQuality "1"]
[TimeControl "40/8400+30:20/3000+30:900+30"]

1. d4 {[%emt 0:40:08] Tyomkin,Dimitri} Nf6 2. Bg5 d5 3. e3 Ne4 4. Bf4 c5 5. Nd2 Nxd2 6. Qxd2 {[%emt 0:00:09] A45: Trompowsky Aanval.} cxd4 7. exd4 Nc6 {[%emt 0:01:09] OK} 8. Nf3 {[%emt 0:06:24] OK. Wit heeft hier iets.} Bf5 {[%emt 0:09:15] OK} 9. Ne5 {[%emt 0:13:25] OK} Qb6 10. c3 {[%emt 0:01:35] OK} e6 {[%emt 0:03:37] OK} 11. Be2 {[%emt 0:15:18] OK} Be7 12. g4 {[%emt 0:07:34] OK} Be4 {[%emt 0:01:11] OK} 13. f3 {[%emt 0:00:47] OK} Bg6 $146 ({Predecessor:} 13... Bh4+ 14. Bg3 Nxe5 15. fxe4 Bxg3+ 16. hxg3 Nc4 17. Bxc4 dxc4 18. Rh5 Qc6 {1-0 Tyomkin,D (2440)-Haimovich,T (2265) ISR-chT Israel 1998 (3)}) 14. Nxg6 {[%emt 0:12:24] OK} hxg6 15. O-O-O {[%emt 0:01:06] OK} O-O-O 16. Bd3 Bd6 {[%emt 0:04:40] OK} 17. Bxd6 {[%emt 0:12:12] OK} Rxd6 18. Qf4 Qc7 {[%emt 0:01:51][%cal Oe6e5] OK} 19. h4 {[%emt 0:01:18] OK} Rd7 {[%emt 0:06:20] Onnauwkeurig} 20. Qxc7+ {[%emt 0:02:35] Onnauwkeurig} Kxc7 {[%emt 0:00:08] Onnauwkeurig} 21. f4 Kd6 {[%emt 0:01:40] OK} 22. Rdg1 {[%emt 0:08:29] Onnauwkeurig} Rh6 {[%emt 0:09:21] Fout (0.5)} (22... Rc7 $11) {Wit zou moeten spelen} 23. f5 {[%emt 0:04:29] Fout (0.6)} (23. h5 $14) 23... gxf5 $11 {[%emt 0:00:30] Beste (Gemakkelijk)} 24. gxf5 e5 {[%emt 0:04:24][%cal Re5d4] OK} 25. Rxg7 {[%emt 0:12:04] OK} exd4 {[%emt 0:00:12] Beste (Gemakkelijk)} 26. cxd4 Nxd4 27. h5 Ke5 28. Kd2 Nf3+ (28... Nxf5 $2 {te hebberig.} 29. Rg5 $18) 29. Ke3 {[%emt 0:01:16] OK} Kf6 30. Rg3 Ne5 {[%emt 0:00:07] OK} {White should consider,} 31. Kd4 {[%emt 0:00:37] Ontwijkt Nc4. Fout (0.6)} (31. Rg8 $11) 31... Nc6+ $15 {[%emt 0:06:23] Beste} 32. Kc5 Rd8 {[%emt 0:00:15] OK} 33. Bb5 Ne7 $1 {[%emt 0:00:42] Sterk} 34. Ra3 {[%emt 0:00:17] Onnauwkeurig} Rc8+ {[%emt 0:08:25] OK} (34... Kxf5 35. Rf3+ (35. Rxa7 Rc8+ 36. Kb4 Rc7 $11) 35... Ke4 36. Rxf7 Rc8+ 37. Kb4 Nc6+ 38. Ka3 $16) ({Speel niet} 34... Nxf5 $6 35. Rxa7 Nd6 36. Rh3 $11) 35. Kd4 Nxf5+ {[%emt 0:00:11] OK} 36. Kxd5 {[%emt 0:00:25][%cal Oa3f3] OK} Rhh8 {[%emt 0:00:09] Sterke dreiging met ...Rhd8+. OK} 37. Rf1 {[%emt 0:01:14] OK} Rhd8+ 38. Ke4 {[%emt 0:00:02][%cal Rf1f5] Beste} Rc5 {[%emt 0:00:09] OK} 39. Rd3 {[%emt 0:01:02] OK} Re5+ {[%emt 0:02:09] OK} 40. Kf4 {[%emt 0:00:12] Beste} Rh8 {[%emt 0:07:07] OK} 41. Bd7 {[%emt 0:15:14] OK} Rxh5 {[%emt 0:00:54] Wit moet nu ...Rh4+ voorkomen. Beste (Gemakkelijk)} 42. Rb3 Rd5 {[%emt 0:11:17] OK} 43. Rxb7 {[%emt 0:06:51][%mdl 8192] [#] Verliest de partij. Verliest partij (4.8)} (43. Bc8 $17) 43... Rd4+ $1 $19 {[%emt 0:01:36] Sterk} 44. Kf3 {[%emt 0:00:11][%cal Of3e2] [#]} Rh3+ $1 45. Kg2 Rg3+ 46. Kf2 Rf4+ 47. Ke1 Re3+ 48. Kd2 Rxf1 49. Bxf5 Re7 50. Rxe7 Kxe7 {[%emt 0:00:04][%mdl 4096] Eindspel. KR-KB} 51. Bd3 Ra1 52. a3 Kd6 {[%emt 0:00:34] OK} 53. Kc3 {[%emt 0:00:10] Fout (1.8)} (53. Bb5 $142) 53... Ke5 {[%emt 0:02:04] ...f5 is de sterke dreiging. OK} 54. Kb4 {[%emt 0:00:45] Onnauwkeurig} f5 {[%emt 0:00:57] Hoopt vervolgens op ...f4.} 55. a4 {[%emt 0:02:57] Onnauwkeurig} f4 56. Kb5 f3 {[%emt 0:01:05] ( -> ...Kd4)} 57. a5 Kd4 {[%emt 0:00:35] Blunder waarde: Wit=0.61/Zwart=0.04 (foutloos) .  Verliest partij:   	Wit=1      	---        Fout:        	Wit=3      	Zwart=1      Onnauwkeurig:    	Wit=5      	Zwart=2      OK:         	Wit=16     	Zwart=19     Beste:        	Wit=2      	Zwart=4      Sterk:        	---       	Zwart=2} 0-1

[Event "Swiss National League-A 2024"]
[Site "Luzern"]
[Date "2024.10.13"]
[Round "9.20"]
[White "Atlas, Valery"]
[Black "Forster, Richard"]
[Result "0-1"]
[ECO "B40"]
[WhiteElo "2394"]
[BlackElo "2464"]
[Annotator "TA"]
[PlyCount "100"]
[EventDate "2023.10.03"]
[EventType "team-tourn"]
[EventCountry "SUI"]
[SourceTitle "playchess.com"]
[Source "ChessBase"]
[SourceQuality "1"]
[TimeControl "40/8400+30:20/3000+30:900+30"]

1. e4 c5 2. Nf3 e6 3. d4 cxd4 4. Nxd4 Nf6 5. Nc3 Bb4 6. e5 Nd5 7. Bd2 Nxc3 8. bxc3 Bf8 9. Bd3 Nc6 10. Qe2 Qc7 {[%emt 0:03:37] White is slightly better.} 11. Nb5 $1 Qb8 12. Bf4 b6 13. Rd1 Bb7 14. h4 (14. O-O $16) 14... f5 $2 (14... a6 $11 {and Black stays safe.} 15. Nd6+ Bxd6 16. exd6 Qd8) 15. Rh3 $2 (15. Bxf5 $18 {and the rest is easy. Black must now prevent Qh5+.} exf5 16. Rxd7) 15... Bc5 {[%emt 0:14:29] [#]} (15... a6 $16) 16. g4 $1 $18 fxg4 (16... O-O {is more resistant.}) 17. Qxg4 O-O 18. Rg3 $2 {[%emt 0:21:48] [#]} (18. Bxh7+ $18 Kxh7 19. Rxd7) 18... Bxf2+ $1 $17 19. Kxf2 (19. Kd2 Bxg3) 19... Qxe5 20. Rf3 (20. Qxg7+ $142 Qxg7 21. Rxg7+ Kxg7 22. Ke3) 20... Qc5+ $19 21. Kg3 Ne5 22. Qh5 Nxd3 ({Stronger than} 22... Nxf3 23. Bxh7+ (23. Qxh7+ Kf7 24. Nd6+ Kf6 25. Qg6+ Ke7 26. Qxg7+ Kd8 27. Nxb7+ Kc8 28. Nxc5 Ne5 29. Ba6+ Kd8 30. Nxe6+ Ke8 31. Qxf8#) 23... Kh8 24. Bf5+ Kg8 25. Qh7+ (25. Rxd7 {gets mated.} Qg1+ 26. Kh3 Qh1+ 27. Kg3 Qh2+ 28. Kg4 exf5+) 25... Kf7 26. Rxd7+ Ke8 27. Qg6+ (27. Rxb7 Qg1+ 28. Kxf3 Qf1+ 29. Ke3 Qg1+ 30. Ke2 Qg2+ 31. Kd3 Qf1+ 32. Kd4 Qxf4+ 33. Be4 Qf2+ 34. Kc4 Qc5+ 35. Kb3 Qxb5+ 36. Ka3 Rc8 $11) (27. Nd6+ Qxd6 28. Rxd6 exf5 29. Qxg7 Bc8 30. Kxf3 Rb8) 27... Kxd7 28. Qxe6+ Kd8 29. Qd7#) 23. Qxc5 Nxc5 24. Rff1 Rf6 25. Nd6 Bc6 (25... Raf8 $142 26. Nxb7 Nxb7 27. Rxd7 Nc5 28. Rxg7+ Kxg7) 26. Be5 Ne4+ 27. Nxe4 Rxf1 28. Rxf1 Bxe4 {[%emt 0:00:04][%mdl 4096] Endgame. KRB-KRB} 29. Rf2 Rc8 30. Kf4 (30. Rf4 {was called for.} Bxc2 31. Kf2) 30... Bd5 31. a3 Rc4+ 32. Kg3 Rc6 33. Rd2 d6 34. Bxd6 Rxd6 {[%emt 0:00:16] KRB-KR} 35. c4 {[%emt 0:00:04] [#]} Kf7 $1 36. cxd5 (36. Rd1 Ke7) 36... Rxd5 {[%emt 0:00:10] KR-KR} 37. Rf2+ Ke7 38. Rf4 Ra5 {[%emt 0:01:06] Black is clearly winning.} 39. Rf3 Rc5 40. c3 Rc4 41. h5 Ra4 42. Kf2 Rxa3 43. Rg3 Kf6 44. Rf3+ Kg5 45. Rg3+ (45. Rf7 $142) 45... Kh6 46. Ke2 Ra5 47. Re3 Kxh5 48. Rxe6 Kg5 49. Kd3 h5 50. Re7 g6 {[%emt 0:00:00] Weighted Error Value: White=0.56/Black=0.31.  Loses game:     	---       	Black=1      Missed win:     	White=2     	---        Mistake:       	White=4     	Black=3      Inaccurate:     	White=4     	Black=1      OK:         	White=10    	Black=20     Best:        	White=4     	Black=3      Strong:       	White=1     	---        Brilliant:      	---       	Black=1} 0-1